 Dungeon Crawl Stone Soup version 0.30.1-9-gdf580d7c3d (webtiles) character file.

Game seed: 14026134497002304650

197 leafyfresh the Covert (level 5, -1/47 HPs)
             Began as a Gnoll Delver on Oct 12, 2023.
             Slain by a mummy (14 damage)
             ... in an ossuary.
             The game lasted 00:01:26 (270 turns).

leafyfresh the Covert (Gnoll Delver)                 Turns: 270, Time: 00:01:26

Health: -1/47      AC:  3    Str: 12    XL:     5   Next: 75%
Magic:  7/7        EV: 13    Int:  9    God:
Gold:   0          SH:  0    Dex: 15    Spells: 7/7 levels left

rFire   . . .        a - +0 short sword
rCold   . . .        (no shield)
rNeg    . . .        b - +0 leather armour
rPois   .            (no helmet)
rElec   .            (no cloak)
rCorr   .            (no gloves)
SInv    .            (no boots)
Will    .....        (no amulet)
Stlth   ++++         (no ring)
HPRegen 0.27/turn    (no ring)
MPRegen 0.10/turn

%: no passive effects
@: no status effects
A: fangs 1, strong nose, distributed training
a: no special abilities


You were in an ossuary.
You visited 1 branch of the dungeon, and saw 1 of its levels.
You also visited: Ossuary.

Inventory:

Hand Weapons
 a - a +0 short sword (weapon)
Armour
 b - a +0 leather armour (worn)
Jewellery
 d - a ring of resist corrosion
Wands
 g - a wand of digging (3)
 j - a wand of acid (7)
Scrolls
 c - a scroll of fog
 e - a scroll of poison {unknown}
 h - a scroll of identify {unknown}
 i - a scroll of enchant weapon {unknown}
Potions
 f - a potion of haste


   Skills:
 + Level 6.7 Fighting
 + Level 4.9 Short Blades
 + Level 1.7 Long Blades
 + Level 1.7 Axes
 + Level 1.7 Maces & Flails
 + Level 1.7 Polearms
 + Level 1.7 Staves
 + Level 1.7 Ranged Weapons
 + Level 1.7 Throwing
 + Level 1.7 Armour
 + Level 4.9 Dodging
 + Level 9.7 Stealth
 + Level 1.7 Shields
 + Level 1.7 Unarmed Combat
 + Level 1.7 Spellcasting
 + Level 1.3 Conjurations
 + Level 1.3 Hexes
 + Level 1.3 Summonings
 + Level 1.3 Necromancy
 + Level 1.3 Translocations
 + Level 1.3 Transmutations
 + Level 1.3 Fire Magic
 + Level 1.3 Ice Magic
 + Level 1.3 Air Magic
 + Level 1.3 Earth Magic
 + Level 1.3 Poison Magic
 + Level 1.9 Invocations
 + Level 1.7 Evocations


You had 7 spell levels left.
You didn't know any spells.
Your spell library was empty.

Dungeon Overview and Level Annotations

Branches:
Dungeon (5/15)            Ossuary (1/1)
 Temple: D:4-7

Altars:


Innate Abilities, Weirdness & Mutations

You have very sharp teeth.
Your uncanny sense of smell can sniff out nearby items.
Your experience applies equally to all skills.


Message History

You closely miss the adder zombie.
The adder zombie is moderately damaged.
The adder zombie barely misses you.
You hit the adder zombie. You bite the adder zombie.
The adder zombie is severely damaged.
The adder zombie closely misses you.
You closely miss the adder zombie.
The adder zombie is severely damaged.
You hit the adder zombie.
The adder zombie is almost destroyed.
The adder zombie misses you.
You hit the adder zombie. Your bite misses the adder zombie.
The adder zombie is almost destroyed.
The adder zombie closely misses you.
You hit the adder zombie.
The adder zombie is almost destroyed.
The adder zombie closely misses you.
You hit the adder zombie.
You destroy the adder zombie!
You hit the orc zombie.
You destroy the orc zombie!
You hit the mummy.
The mummy is lightly damaged.
You hit the mummy but do no damage.
The mummy is lightly damaged.
The mummy hits you!
You are too injured to fight recklessly!
Unknown command.
You hit the mummy. You bite the mummy, but do no damage.
The mummy is moderately damaged.
You hit the mummy. You bite the mummy, but do no damage.
The mummy is moderately damaged.
The mummy hits you.
* * * LOW HITPOINT WARNING * * *
You hit the mummy but do no damage. You bite the mummy.
The mummy is heavily damaged.
You hit the mummy. You punch the mummy.
The mummy is severely damaged.
The mummy hits you!
You die...

#################
#!!#...........∩
#!@#Z........... .
###MZZ.......#####.
#ZZZZ..............
#.Z................
#.....##...........
#.....##...........
#..................
#..........Z.......
#..#...............


You could see a mummy, 3 rat zombies, a goblin zombie, a hobgoblin zombie, an
orc zombie, an elf zombie and a human zombie.

Vanquished Creatures
  2 ogres (D:5)
  A mummy (Ossuary)
  An adder (D:5)
  2 adder zombies (Ossuary)
  A gnoll zombie (Ossuary)
  An orc zombie (Ossuary)
8 creatures vanquished.

Notes
Turn   | Place    | Note
-------+----------+-------------------------------------------
     0 | D:5      | Reached skill level 9 in Stealth
     0 | D:5      | leafyfresh the Gnoll Delver began the quest for the Orb.
     0 | D:5      | Reached XP level 1. HP: 23/23 MP: 1/1
    14 | D:5      | Noticed an ogre
    28 | D:5      | Killed an ogre
    29 | D:5      | Reached skill level 1 in Long Blades
    29 | D:5      | Reached skill level 1 in Axes
    29 | D:5      | Reached skill level 1 in Maces & Flails
    29 | D:5      | Reached skill level 1 in Polearms
    29 | D:5      | Reached skill level 1 in Staves
    29 | D:5      | Reached skill level 1 in Ranged Weapons
    29 | D:5      | Reached skill level 1 in Throwing
    29 | D:5      | Reached skill level 1 in Armour
    29 | D:5      | Reached skill level 1 in Shields
    29 | D:5      | Reached skill level 1 in Unarmed Combat
    29 | D:5      | Reached skill level 1 in Spellcasting
    29 | D:5      | Reached skill level 1 in Conjurations
    29 | D:5      | Reached skill level 1 in Hexes
    29 | D:5      | Reached skill level 1 in Summonings
    29 | D:5      | Reached skill level 1 in Necromancy
    29 | D:5      | Reached skill level 1 in Translocations
    29 | D:5      | Reached skill level 1 in Transmutations
    29 | D:5      | Reached skill level 1 in Fire Magic
    29 | D:5      | Reached skill level 1 in Ice Magic
    29 | D:5      | Reached skill level 1 in Air Magic
    29 | D:5      | Reached skill level 1 in Earth Magic
    29 | D:5      | Reached skill level 1 in Poison Magic
    29 | D:5      | Reached skill level 1 in Invocations
    29 | D:5      | Reached skill level 1 in Evocations
    29 | D:5      | Reached XP level 2. HP: 10/29 MP: 1/3
    29 | D:5      | Reached XP level 3. HP: 12/35 MP: 1/4
    29 | D:5      | Reached XP level 4. HP: 14/41 MP: 1/5
   195 | D:5      | Noticed an ogre
   200 | D:5      | Found a sand-covered staircase.
   202 | D:5      | Killed an ogre
   203 | D:5      | Reached XP level 5. HP: 47/47 MP: 5/7
   210 | Ossuary  | Entered an ossuary
   270 | Ossuary  | Slain by a mummy

Illustrated notes

Levels and vault maps discovered:
D:5:      layout_rooms, enter_ossuary_1
Ossuary:  ossuary_minmay_tomb_2a

Skill      XL: |  1 |
---------------+----+-----
Stealth        | |  9.7
Long Blades    | 1 |  1.7
Axes           | 1 |  1.7
Maces & Flails | 1 |  1.7
Polearms       | 1 |  1.7
Staves         | 1 |  1.7
Ranged Weapons | 1 |  1.7
Throwing       | 1 |  1.7
Armour         | 1 |  1.7
Shields        | 1 |  1.7
Unarmed Combat | 1 |  1.7
Spellcasting   | 1 |  1.7
Conjurations   | 1 |  1.3
Hexes          | 1 |  1.3
Summonings     | 1 |  1.3
Necromancy     | 1 |  1.3
Translocations | 1 |  1.3
Transmutations | 1 |  1.3
Fire Magic     | 1 |  1.3
Ice Magic      | 1 |  1.3
Air Magic      | 1 |  1.3
Earth Magic    | 1 |  1.3
Poison Magic   | 1 |  1.3
Invocations    | 1 |  1.9
Evocations     | 1 |  1.7
Fighting       | |  6.7
Short Blades   | |  4.9
Dodging        | |  4.9

Action                     |  1- 3 |  4- 6 || total
---------------------------+-------+-------++-------
  Melee: Short sword       |    10 |    45 ||    55
         Bite              |     1 |     7 ||     8
         Punch             |     1 |     2 ||     3
  Evoke: Wand              |       |     4 ||     4
    Use: Scroll            |     2 |       ||     2
   Stab: Fleeing           |     1 |       ||     1
         Sleeping          |       |     1 ||     1
 Armour: Leather armour    |     2 |     8 ||    10
  Dodge: Dodged            |     4 |    22 ||    26
